 Dungeon Crawl Stone Soup version 0.29-a0-1008-g949cc1d0fb (webtiles) character file.

Game seed: 17408916495795141049

77 ytrimaz the Chopper (level 4, -1/35 HPs)
             Began as a Formicid Fighter on Aug 7, 2022.
             Slain by a hobgoblin
             ... wielding a +0 long sword
              (12 damage)
             ... on level 3 of the Dungeon.
             The game lasted 00:03:19 (2369 turns).

ytrimaz the Chopper (Formicid Fighter)              Turns: 2369, Time: 00:03:19

Health: -1/35      AC: 15    Str: 23    XL:     4   Next: 58%
Magic:  4/4        EV:  9    Int:  7    God:
Gold:   116        SH:  5    Dex: 13    Spells: 3/3 levels left

rFire   . . .      SeeInvis +   a - +0 war axe (protect)
rCold   . . .      Faith    .   c - +0 buckler
rNeg    . . .      Spirit   .   b - +0 scale mail
rPois   .          Reflect  .   (helmet unavailable)
rElec   .          Harm     .   (no cloak)
rCorr   .          Rampage  .   (no gloves)
Will    .....                   i - +0 pair of boots
Stlth   ..........              h - amulet of magic regeneration
HPRegen 0.11/turn               (no ring)
MPRegen 0.49/turn               (no ring)

@: under a protective aura
A: permanent stasis, dig shafts and tunnels, antennae 3, four strong arms
a: Dig, Shaft Self


You were on level 3 of the Dungeon.
You visited 1 branch of the dungeon, and saw 3 of its levels.

You collected 116 gold pieces.

Inventory:

Hand Weapons
 a - a +0 war axe of protection (weapon)
Armour
 b - a +0 scale mail (worn)
 c - a +0 buckler (worn)
 i - a +0 pair of boots (worn)
Jewellery
 h - an amulet of magic regeneration (around neck)
Scrolls
 f - a scroll of noise
 j - a scroll of identify
 k - 2 scrolls of blinking
 o - a scroll of magic mapping
 p - a scroll of enchant weapon {unknown}
 q - a scroll of poison {unknown}
Potions
 d - 2 potions of might
 e - 2 potions of heal wounds {unknown}
 g - 4 potions of curing {unknown}
 l - a potion of mutation {unknown}
 m - a potion of resistance {unknown}
 n - a potion of degeneration {unknown}


   Skills:
 - Level 3.2 Fighting
 + Level 4.4 Axes
 - Level 3.2 Armour
 - Level 4.0 Shields


You had 3 spell levels left.
You didn't know any spells.
Your spell library contained the following spells:

 Spells                   Type           Power      Damage    Failure   Level
 Apportation              Tloc           0%         N/A       82%         1
 Confusing Touch          Hex            0%         N/A       99%         3
 Alistair's Intoxication  Tmut/Pois      0%         N/A       100%        5
 Yara's Violent Unravell  Hex/Tmut       0%         3d3       100%        5
 Enfeeble                 Hex            0%         N/A       100%        7


Dungeon Overview and Level Annotations

Branches:
Dungeon (3/15)

Altars:
Qazlal


Innate Abilities, Weirdness & Mutations

You cannot be hasted, slowed, berserked, paralysed or teleported.
You can dig through walls and to a lower floor.
You have a pair of large antennae on your head. (SInv)
Your four strong arms can wield two-handed weapons with a shield.


Message History

q - a scroll labelled ALORUU PATO You open the door.
An orc comes into view. It is wielding a +0 flail.
The orc shouts!
An orc is nearby!
An orc is nearby!
An orc is nearby!
A hobgoblin comes into view.
It is wielding a +0 long sword and quivering poisoned darts.
The hobgoblin shouts!
You hear an angry hiss.
You block the orc's attack.
You barely miss the orc. The orc hits you but does no damage.
You closely miss the orc. The orc hits you with a +0 flail.
The orc closely misses you.
You closely miss the orc. You block the orc's attack.
You barely miss the orc. You block the orc's attack.
The hobgoblin drinks a potion.
The hobgoblin seems to grow stronger.
You hit the orc.
Your weapon exudes an aura of protection.
The orc is lightly wounded.
The orc hits you but does no damage.
The hobgoblin hits you with a +0 long sword!
The orc barely misses you.
You hit the orc.
The orc is lightly wounded.
You closely miss the hobgoblin.
A frilled lizard comes into view.
The orc hits you but does no damage.
The hobgoblin hits you with a +0 long sword.
You completely miss the orc.
The orc is lightly wounded.
You closely miss the hobgoblin.
The frilled lizard hisses angrily.
The orc hits you but does no damage.
The hobgoblin hits you with a +0 long sword.
You closely miss the orc.
The orc is lightly wounded.
You hit the hobgoblin. The orc hits you but does no damage.
The hobgoblin hits you with a +0 long sword.
The hobgoblin hits you with a +0 long sword!
You die...

#.. #.# ###.# #.# #..
#.# #.#.####.### #.. #.#
#.#......... . #.. #.#
#.#.####†### .. #..#
#.###'#.##...### ...#...
#.##............ .......
#.##...###.#####
.......##.##...# #.#
...l..o@......####.#####
.#.#..g...###........)..
#..........##########
....########.# ..... #.#
#### #'# ... ... ...


You could see an orc, a hobgoblin (strong) and a frilled lizard.

Vanquished Creatures
  2 adders
  A worm (D:2)
  A dart slug (D:1)
  2 orcs (D:3)
  5 bats
  3 endoplasms
  5 giant cockroaches
  2 goblins
  2 hobgoblins
  7 jackals
  3 quokkas (D:1)
  3 ball pythons
  3 frilled lizards
  5 kobolds (D:1)
  5 rats
49 creatures vanquished.

Notes
Turn   | Place    | Note
-------+----------+-------------------------------------------
     0 | D:1      | ytrimaz the Formicid Fighter began the quest for the Orb.
     0 | D:1      | Reached XP level 1. HP: 18/18 MP: 1/1
     7 | D:1      | You fall into a shaft and drop 1 floor!
    87 | D:2      | Reached XP level 2. HP: 9/24 MP: 2/2
   515 | D:1      | Reached XP level 3. HP: 29/29 MP: 3/3
   787 | D:1      | Found a faded altar of an unknown god.
  1242 | D:2      | Found a stormy altar of Qazlal.
  1644 | D:2      | Reached XP level 4. HP: 33/35 MP: 4/4
  2369 | D:3      | Slain by a hobgoblin

Illustrated notes

Levels and vault maps discovered:
D:1:      grunt_arrival_lava_bath, layout_basic,
          hellmonk_ecumenical_altar_defaced_shrine, minmay_tripent
D:2:      layout_loops_ring, basic_altar, nicolae_figureground_sparkle
D:3:      layout_basic

Skill      XL: |  1  2  3 |
---------------+----------+-----
Axes           | 3 4 |  4.4
Fighting       | |  3.2
Armour         | |  3.2
Shields        | |  4.0

Action                   |  1- 3 |  4- 6 || total
-------------------------+-------+-------++-------
Melee: War axe           |    93 |    65 ||   158
 Abil: Dig               |     1 |       ||     1
  Use: Scroll            |     4 |     1 ||     5
Armor: Scale mail        |    53 |    45 ||    98
Dodge: Dodged            |    75 |    57 ||   132
Block: Buckler           |    32 |    21 ||    53

Table legend: (Time is in decaauts)
 A = Elapsed time spent in this place.
 B = Non-inter-level travel time spent in this place.
 C = Inter-level travel time spent in this place.
 D = Time resting spent in this place.
 E = Time spent auto-exploring this place.
 F = Levels seen in this place.
 G = Mean time per level.
                   A        B        C        D        E       F      G
               +--------+--------+--------+--------+--------+-----+--------+
         Total |   2424 |   2398 |     26 |    174 |   1738 |   3 |  808.0 |
       Dungeon |   2424 |   2398 |     26 |    174 |   1738 |   3 |  808.0 |
               +--------+--------+--------+--------+--------+-----+--------+

Top non-repeatable levels by time:
     D:2: 1024 daAuts
     D:1: 951 daAuts
     D:3: 448 daAuts
